 Dungeon Crawl Stone Soup version 0.29.1-12-g30fa7ad0bf (webtiles) character file.

Game seed: 11540928555066440156

342 cheesebisquit the Cleaver (level 6, -1/52 HPs)
             Began as a Minotaur Berserker on Jan 8, 2023.
             Was a Believer of Trog.
             Slain by an ogre
             ... wielding a +0 giant club
              (28 damage)
             ... on level 4 of the Dungeon.
             The game lasted 00:06:07 (2700 turns).

cheesebisquit the Cleaver (Minotaur Berserker)      Turns: 2700, Time: 00:06:07

Health: -1/52      AC:  3    Str: 24    XL:     6   Next: 30%
Magic:  5/5        EV: 12    Int:  4    God:    Trog [**....]
Gold:   285        SH:  0    Dex:  9    Spells: 5/5 levels left

rFire   . . .      SeeInvis .   a - +0 hand axe
rCold   . . .      Faith    .   (no shield)
rNeg    . . .      Spirit   .   k - +0 leather armour
rPois   .          Reflect  .   (helmet restricted)
rElec   .          Harm     .   (no cloak)
rCorr   .          Rampage  .   (no gloves)
Will    .....                   (no boots)
Stlth   +.........              (no amulet)
HPRegen 0.17/turn               (no ring)
MPRegen 0.09/turn               (no ring)

@: no status effects
A: horns 2, retaliatory headbutt
a: Renounce Religion, Berserk, Trog's Hand


You were on level 4 of the Dungeon.
You worshipped Trog.
Trog was pleased with you.
You visited 1 branch of the dungeon, and saw 4 of its levels.

You collected 285 gold pieces.

Inventory:

Hand Weapons
 a - a +0 hand axe (weapon)
 b - a +0 sling
 q - a +0 dire flail
Missiles
 c - 37 stones
 i - 4 atropa-tipped darts (quivered)
Armour
 k - a +0 leather armour (worn)
Scrolls
 d - 2 scrolls of teleportation {unknown}
 e - a scroll of fear {unknown}
 f - 4 scrolls of identify {unknown}
 g - 3 scrolls of magic mapping {unknown}
 l - 2 scrolls of vulnerability {unknown}
 m - a scroll of poison {unknown}
 n - a scroll of noise {unknown}
 o - a scroll of acquirement {unknown}
 s - a scroll of silence {unknown}
Potions
 h - 3 potions of might {unknown}
 j - a potion of brilliance {unknown}
 p - a potion of haste {unknown}
 r - 2 potions of curing {unknown}
 t - a potion of heal wounds {unknown}


   Skills:
 - Level 3.8 Fighting
 + Level 8.3 Axes
 - Level 2.7 Armour
 - Level 2.4 Dodging


You had 5 spell levels left.
You didn't know any spells.
Your spell library was empty.

Dungeon Overview and Level Annotations

Branches:
Dungeon (4/15)
 Temple: D:4-7

Altars:
Dithmenos
Nemelex Xobeh
Trog
Vehumet
Xom


Innate Abilities, Weirdness & Mutations

You have a pair of horns on your head.
You reflexively headbutt those who attack you in melee.


Message History

You slash the orc priest!
You kill the orc priest!
Trog accepts your kill.
You slash the orc!
You kill the orc!
Trog accepts your kill.
You feel the effects of Trog's Hand fading.
Items here: )) [[ †.
Okay, then.
Found a shadowy altar of Dithmenos and a shimmering altar of Xom.
You feel a strong urge to attack something.
You are no longer berserk.
You are exhausted.
You feel yourself slow down.
f - 4 scrolls labelled LOURUUSTRYEF (gained 1)
Things that are here:
a +0 falchion; a +0 leather armour; an orc corpse
t - an inky potion Your skin stops crawling.
You feel less strong-willed.
There is a sparkling altar of Nemelex Xobeh here.
You now have 285 gold pieces (gained 13).
A hobgoblin comes into view.
The hobgoblin shouts!
You closely miss the hobgoblin. The hobgoblin hits you.
You hit the hobgoblin. You headbutt the hobgoblin.
You kill the hobgoblin!
Trog accepts your kill.
You feel yourself speed up.
You recover from your berserk rage.
There is a radiant altar of Vehumet here.
An ogre comes into view. It is wielding a +0 giant club.
The ogre shouts!
The ogre hits you with a +0 giant club!!
You slash the ogre!
The ogre is moderately wounded.
You hit the ogre. Your headbutt misses the ogre.
The ogre is moderately wounded.
The ogre hits you with a +0 giant club!!
Ouch! That really hurt!
You die...

#.# #.#
#.##.# #.#
#.# #.##..
#.###.####.##
#............
#####.#######
#.# #.# #.#
#@# #O# #.#
#.# ..# #.#
.## .


You could see an ogre.

Vanquished Creatures
  2 ogres (D:3)
  An orc priest (D:4)
  An orc wizard (D:4)
  5 adders
  4 dart slugs
  3 orcs
  4 ball pythons
  4 bats
  2 endoplasms
  4 giant cockroaches
  8 goblins
  9 hobgoblins
  3 jackals (D:4)
  3 quokkas (D:2)
  3 frilled lizards (D:2)
  4 kobolds
  5 rats
65 creatures vanquished.

Notes
Turn   | Place    | Note
-------+----------+-------------------------------------------
     0 | D:1      | cheesebisquit the Minotaur Berserker began the quest for
                  | the Orb.
     0 | D:1      | Reached XP level 1. HP: 19/19 MP: 0/0
    55 | D:1      | Found a faded altar of an unknown god.
   203 | D:1      | Reached XP level 2. HP: 27/27 MP: 1/1
   255 | D:1      | Reached skill level 4 in Axes
   969 | D:2      | Found a bloodstained altar of Trog.
   973 | D:2      | Reached XP level 3. HP: 33/33 MP: 2/2
  1017 | D:2      | Reached ** piety under Trog
  1018 | D:2      | Reached skill level 5 in Axes
  1322 | D:2      | Reached XP level 4. HP: 37/40 MP: 3/3
  1673 | D:3      | Noticed an ogre
  1681 | D:3      | Killed an ogre
  1682 | D:3      | Reached skill level 6 in Axes
  1682 | D:3      | Reached XP level 5. HP: 19/46 MP: 4/4
  2171 | D:3      | Noticed an ogre
  2180 | D:3      | Killed an ogre
  2181 | D:3      | Reached skill level 7 in Axes
  2352 | D:3      | Reached XP level 6. HP: 52/52 MP: 5/5
  2587 | D:4      | Found a radiant altar of Vehumet.
  2587 | D:4      | Found a sparkling altar of Nemelex Xobeh.
  2601 | D:4      | Reached skill level 8 in Axes
  2612 | D:4      | Found a shadowy altar of Dithmenos.
  2612 | D:4      | Found a shimmering altar of Xom.
  2700 | D:4      | Slain by an ogre

Illustrated notes

Levels and vault maps discovered:
D:1:      minmay_arrival_up_and_down, layout_loops_ring,
          ebering_ecumenical_altar_box
D:2:      layout_rooms, basic_altar, minmay_fractal_squares_gapless_5
D:3:      layout_loops_ring
D:4:      layout_loops_ring, grunt_temple_overflow_open,
          minmay_misc_feat_rugged, minmay_liquid_box, roderic_batcave,
          hangedman_abyss_or_decor_stabs, minmay_fountain_box

Skill      XL: |  1  2  3  4  5  6 |
---------------+-------------------+-----
Axes           | 4 5 6 7 8 |  8.3
Fighting       | |  3.8
Armour         | |  2.7
Dodging        | |  2.4

Action                   |  1- 3 |  4- 6 || total
-------------------------+-------+-------++-------
Melee: Hand axe          |    68 |    68 ||   136
       Headbutt          |     8 |    11 ||    19
Invok: Berserk           |       |     2 ||     2
       Trog's Hand       |       |     2 ||     2
Armor: Animal skin       |     2 |       ||     2
       Leather armour    |     6 |     9 ||    15
Dodge: Dodged            |    44 |    31 ||    75
